 Dungeon Crawl Stone Soup version 0.31.0-32-g396128a36d (webtiles) character file.

Game seed: 8532847286211345360

105 mainiacjoe the Charlatan (level 4, -5/28 HPs)
             Began as an Octopode Artificer on Mar 29, 2024.
             Slain by Natasha (8 damage)
             ... on level 3 of the Dungeon.
             The game lasted 00:04:57 (1815 turns).

mainiacjoe the Charlatan (Octopode Artificer)       Turns: 1815, Time: 00:04:58

Health: -5/28      AC:  1    Str: 11    XL:     4   Next: 81%
Magic:  1/7        EV: 13    Int: 15    God:
Gold:   56         SH:  0    Dex: 12    Spells: 6/7 levels left

rFire   . . .        a - +0 short sword
rCold   . . .        (no shield)
rNeg    . . .        (helmet restricted)
rPois   .            (no amulet)
rElec   .            g - ring of resist corrosion
rCorr   +            (no ring)
SInv    .            (no ring)
Will    .....        (no ring)
Stlth   +++          (no ring)
HPRegen 0.24/turn    (no ring)
MPRegen 0.10/turn    (no ring)
                     (no ring)

%: no passive effects
@: no status effects
A: almost no armour, amphibious, 8 rings, camouflage 1, gelatinous body 1,
(nimble swimmer 1), tentacles
a: no special abilities


You were on level 3 of the Dungeon.
You visited 1 branch of the dungeon, and saw 3 of its levels.

You collected 56 gold pieces.

Inventory:

Hand Weapons
 a - a +0 short sword (weapon)
 b - a +0 sling
 c - a +0 dagger
 l - a +0 hand axe
Missiles
 f - 9 stones
Jewellery
 g - a ring of resist corrosion (left tentacle)
Talismans
 k - a storm talisman
Wands
 d - a wand of iceblast (5)
 h - a wand of flame (15)
 i - a wand of charming (15)
Scrolls
 p - a scroll of blinking
Potions
 e - a potion of haste
 j - a potion of heal wounds
 m - a potion of lignification {unknown}
 n - a potion of might {unknown}
 o - a potion of curing {unknown}


   Skills:
 - Level 1.1 Fighting
 - Level 2.4 Dodging
 - Level 1.5 Stealth
 - Level 2.0 Spellcasting
 * Level 3.2 Earth Magic
 - Level 3.3 Evocations


You had 6 spell levels left.
You knew the following spells:

 Your Spells              Type           Power      Damage    Failure   Level
a - Sandblast             Erth           22%        2d7       6%          1

Your spell library contained the following spells:

 Spells                   Type           Power      Damage    Failure   Level
 Passwall                 Erth           11%        N/A       17%         3
 Stone Arrow              Conj/Erth      12%        3d7       34%         3
 Brom's Barrelling Bould  Conj/Erth      6%         2d3       75%         4


Dungeon Overview and Level Annotations

Branches:
Dungeon (3/15)

Altars:
Xom

Annotations:
D:3 Natasha


Innate Abilities, Weirdness & Mutations

You cannot wear most types of armour.
You are amphibious.
You can wear up to eight rings at the same time.
Your skin changes colour to match your surroundings (Stealth+).
Your rubbery body absorbs attacks. (AC +1, EV +1)
((You are camouflaged when in or above water. (Stealth+)))
You have tentacles for arms and can constrict up to eight enemies at once.


Message History

Natasha casts a spell at you. The magic dart hits you.
Natasha casts a spell at you. You resist with some effort.
Training target 2.0 for Spellcasting reached!
Your Spellcasting skill increases to level 2!
Casting: Sandblast (safe; 6% risk of failure)
Confirm with . or Enter, or press ? or * to list all spells.
Aiming: Sandblast (safe; 6% risk of failure)
Press: ? - help, Shift-Dir - straight line, f - Natasha
Aim: Natasha (77% to hit)
The blast of sand hits Natasha.
Natasha is lightly wounded.
Casting: Sandblast (safe; 6% risk of failure)
Confirm with . or Enter, or press ? or * to list all spells.
Aiming: Sandblast (safe; 6% risk of failure)
Press: ? - help, Shift-Dir - straight line, f/p - Natasha
Aim: Natasha (lightly wounded, 77% to hit)
The blast of sand hits Natasha.
Natasha is moderately wounded.
Natasha claws you. x2
Unknown command.
Casting: Sandblast (safe; 6% risk of failure)
Confirm with . or Enter, or press ? or * to list all spells.
Aiming: Sandblast (safe; 6% risk of failure)
Press: ? - help, Shift-Dir - straight line, f/p - Natasha
Aim: Natasha (moderately wounded, 77% to hit)
The blast of sand misses Natasha.
Natasha claws you.
Unknown command.
a - a +0 short sword (weapon)
Natasha misses you.
You hit Natasha. Your grab misses Natasha.
Natasha is heavily wounded.
Natasha claws you!
* * * LOW HITPOINT WARNING * * *
You hit Natasha. You grab Natasha. Your squeeze misses Natasha.
Natasha is severely wounded.
You constrict Natasha. Natasha claws you!
You die...
Natasha begins licking her fur clean.

#.....# #)# #.....# #.#
###.#.# #)# #.#.# #)#
#####.#.# #.#
##########.....#.# #.#
<.............>.# #.#
#.#.######....#..###.#
#...h@................
.=.##.######............
# #......####..
#............
##..#..###### #..#....
..# .## #.#


You could see Natasha.

Vanquished Creatures
  An orc priest (D:3)
  2 gnolls (D:3)
  3 adders
  2 endoplasms
  A giant cockroach (D:1)
  4 goblins
  A hobgoblin (D:1)
  3 quokkas
  5 ball pythons
  5 frilled lizards (D:1)
  3 kobolds
  4 rats
34 creatures vanquished.

Notes
Turn   | Place    | Note
-------+----------+-------------------------------------------
     0 | D:1      | mainiacjoe the Octopode Artificer began the quest for the
                  | Orb.
     0 | D:1      | Reached XP level 1. HP: 13/13 MP: 1/1
   303 | D:1      | Reached XP level 2. HP: 18/18 MP: 2/2
   305 | D:1      | Learned a level 1 spell: Sandblast
   338 | D:1      | Reached skill level 1 in Earth Magic
  1009 | D:2      | Reached skill level 1 in Spellcasting
  1009 | D:2      | Reached XP level 3. HP: 17/23 MP: 1/4
  1133 | D:2      | Found a shimmering altar of Xom.
  1580 | D:3      | Reached XP level 4. HP: 28/28 MP: 3/6
  1807 | D:3      | Noticed Natasha
  1815 | D:3      | Slain by Natasha

Illustrated notes

Levels and vault maps discovered:
D:1:      dpeg_arrival_arbitrary_c, layout_loops_ring
D:2:      layout_rooms, basic_altar
D:3:      layout_basic, chequers_ecumenical_altar_grove, uniq_natasha

Skill      XL: |  1  2  3  4 |
---------------+-------------+-----
Earth Magic    | 1 3 |  3.2
Spellcasting   | 1 2 |  2.0
Fighting       | |  1.1
Dodging        | |  2.4
Stealth        | |  1.5
Evocations     | |  3.3

Action                     |  1- 3 |  4- 6 || total
---------------------------+-------+-------++-------
  Melee: Hand axe          |    24 |       ||    24
         Constrict         |     5 |     1 ||     6
         Tentacles         |     4 |       ||     4
         Dagger            |     1 |       ||     1
         Short sword       |       |     2 ||     2
   Fire: Sling             |    10 |     1 ||    11
   Cast: Sandblast         |    21 |     9 ||    30
    Use: Scroll            |     6 |     1 ||     7
   Stab: Sleeping          |     5 |       ||     5
 Armour: Skin              |    10 |     7 ||    17
  Dodge: Dodged            |    18 |     4 ||    22
